 Dungeon Crawl Stone Soup version 0.22.1-2-g9c5b331383 (webtiles) character file.

43031 Knicklaso the Brawler (level 13, -1/137 HPs)
             Began as a Troll Warper on Dec 4, 2018.
             Was the Champion of Jiyva.
             Shot with an arrow by Nessos (17 damage)
             ... on level 6 of the Lair of Beasts.
             The game lasted 00:55:19 (21493 turns).

Knicklaso the Brawler (Troll Warper)               Turns: 21493, Time: 00:55:20

Health: -1/137     AC: 15    Str: 16 (18) XL:     13   Next: 88%
Magic:  13/13      EV: 12    Int: 11      God:    Jiyva [******]
Gold:   1164       SH:  0    Dex: 22 (23) Spells: 14/14 levels left

rFire    . . .     SeeInvis .     - Unarmed
rCold    + + .     Gourm    +   (no shield)
rNeg     + . .     Faith    .   a - +0 ice dragon scales
rPois    .         Spirit   .   z - +2 hat
rElec    .         Reflect  .   R - +0 cloak "Vaodghal" {Dex+4}
rCorr    +         Harm     .   (gloves unavailable)
MR       +....                  (boots unavailable)
Stlth    ..........             C - amulet "Oppaomn" {+Rage rF+}
HPRegen  1.12/turn              E - ring of Satisfaction {rCorr rN+ MR+ Int+2}
MPRegen  0.13/turn              P - +2 ring of dexterity (curse)

@: very slightly contaminated
A: large, unfitting armour, antennae 1, claws 3, blurry vision 1, deterioration
2, fast metabolism 3, gourmand, regeneration 2, shaggy fur 1, tough skin 2,
MP-powered wands
a: Request Jelly, Slimify, Cure Bad Mutation, Renounce Religion, Evoke Berserk
Rage


You were on level 6 of the Lair of Beasts.
You worshipped Jiyva.
Jiyva was exalted by your worship.
You were very full.

You visited 3 branches of the dungeon, and saw 17 of its levels.
You also visited: Ice Cave.

You collected 1200 gold pieces.
You spent 36 gold pieces at shops.

Inventory:

Hand Weapons
 b - a +3 long sword of flaming
 g - the +5 dire flail of Faeth {flame, *Contam rC+ Int+2}
   (You found it on level 5 of the Lair of Beasts)

   It has been specially enchanted to burn those struck by it, causing extra
   injury to most foes and up to half again as much damage against particularly
   susceptible opponents.
   It affects your intelligence (+2).
   It protects you from cold.
   It causes magical contamination when unequipped.
Missiles
 d - 3 tomahawks of dispersal
 K - 4 poisoned tomahawks
 L - 4 tomahawks
 O - 350 stones (quivered)
Armour
 a - +0 ice dragon scales (worn)
 z - a +2 hat (worn)
 R - the +0 cloak "Vaodghal" (worn) {Dex+4}
   (You found it on level 9 of the Dungeon)

   It affects your dexterity (+4).
Jewellery
 t - an uncursed amulet of regeneration
 C - the amulet "Oppaomn" (around neck) {+Rage rF+}
   (You found it in an ice cave)

   [amulet of rage]

   It protects you from fire.
   It lets you go berserk.
 E - the ring of Satisfaction (left claw) {rCorr rN+ MR+ Int+2}
   (You found it in an ice cave)

   [ring of resist corrosion]

   It affects your intelligence (+2).
   It protects you from negative energy.
   It affects your resistance to hostile enchantments.
 P - a cursed +2 ring of dexterity (right claw)
Wands
 y - a wand of flame (44)
Scrolls
 c - a scroll of blinking
 i - 4 scrolls of magic mapping
 k - 2 scrolls of identify
 o - 7 scrolls of teleportation
 s - 3 scrolls of fog
 u - 7 scrolls of remove curse
 w - a scroll of amnesia
 G - 6 scrolls of enchant weapon
 N - 3 scrolls of silence
Potions
 h - 4 potions of flight
 j - 2 potions of curing
 n - 2 potions of magic
 p - 3 potions of cancellation
 q - 3 potions of brilliance
 r - 2 potions of lignification
 v - a potion of agility
 A - a potion of haste
 B - a potion of ambrosia {unknown}
 J - a potion of berserk rage {unknown}
 S - 2 potions of might {unknown}
Comestibles
 f - 25 rations


   Skills:
 + Level 11.1 Fighting
 - Level 0.8 Throwing
 + Level 8.0 Dodging
 * Level 17.4 Unarmed Combat
 - Level 1.2 Spellcasting
   Level 2.1 Translocations


You had 14 spell levels left.
You didn't know any spells.
Your spell library contained the following spells:

 Spells                   Type           Power        Failure   Level  Hunger
 Blink                    Tloc           N/A          69%         2    ###....
 Shroud of Golubria       Chrm/Tloc      #.........   85%         2    ###....
 Animate Skeleton         Necr           N/A          86%         1    ##.....
 Beastly Appendage        Tmut           #.....       86%         1    ##.....
 Pain                     Necr           #...         86%         1    ##.....
 Summon Small Mammal      Summ           #...         86%         1    ##.....
 Gell's Gravitas          Tloc           #.........   89%         3    ####...
 Lesser Beckoning         Tloc           #.........   89%         3    ####...
 Teleport Other           Tloc           #.......     89%         3    ####...
 Call Imp                 Summ           #.......     94%         2    ###....
 Sticks to Snakes         Tmut           #.......     94%         2    ###....
 Call Canine Familiar     Summ           #.......     99%         3    ####...
 Regeneration             Chrm/Necr      #.........   99%         3    ####...
 Spider Form              Tmut/Pois      #.........   99%         3    ####...
 Summon Guardian Golem    Hex/Summ       #.......     99%         3    ####...
 Vampiric Draining        Necr           #.........   99%         3    ####...
 Animate Dead             Necr           N/A          100%        4    #####..
 Ice Form                 Ice/Tmut       #.......     100%        4    #####..
 Passage of Golubria      Tloc           N/A          100%        4    #####..
 Summon Ice Beast         Ice/Summ       #.......     100%        4    #####..
 Summon Lightning Spire   Summ/Air       #.......     100%        4    #####..
 Blade Hands              Tmut           #.........   100%        5    ######.


Dungeon Overview and Level Annotations

Branches:
Dungeon (10/15)            Temple (1/1) D:5            Lair (6/6) D:10
 Shoals (0/4) Lair:3        Snake (0/4) Lair:2        Slime (0/5) Lair:5
    Orc (0/2) D:9

Altars:
Ashenzari
Cheibriados
Dithmenos
Elyvilon
Fedhas
Gozag
Hepliaklqana
Kikubaaqudgha
Makhleb
Nemelex Xobeh
Okawaru
Qazlal
Ru
Sif Muna
Trog
Uskayaw
Vehumet
Wu Jian
Xom
Yredelemnul
Zin
The Shining One
Jiyva

Shops:
D:4 (   D:6 *

Annotations:
Lair:3 3 runed doors, Gargoyl's ghost, novice CeAK
Lair:6 Nessos


Innate Abilities, Weirdness & Mutations

You are too large for most types of armour.
You have claws for hands.
Your metabolism is lightning-fast.
You like to eat raw meat.
You heal very quickly.
You are covered in fur. (AC +1)
You have very tough skin. (AC +2)
You have a pair of small antennae on your head.
Scrolls take you a little longer to read.
Your body often deteriorates upon taking damage.
You expend magic power (3 MP) to strengthen your wands.


Message History

The blink frog blinks!
Nessos wields a glowing longbow.
It bursts into flame!
Nessos shoots an arrow.
The arrow barely misses you.
Nessos blinks!
Nessos shoots an arrow.
The arrow hits you!
* * * LOW HITPOINT WARNING * * *
The arrow burns you!
* * * LOW HITPOINT WARNING * * *
You see here an arrow.
Nessos shoots an arrow.
The arrow hits you!
* * * LOW HITPOINT WARNING * * *
The arrow burns you.
You are poisoned.
* * * LOW HITPOINT WARNING * * *
You see here an arrow.
You feel sick.
You feel better.
Nessos blinks!
The blink frog hits you!
* * * LOW HITPOINT WARNING * * *
The blink frog blinks! x2; Nessos shoots an arrow.
The arrow closely misses You feel better.
Nessos shoots an arrow.
The arrow hits you!
You die...

,,,**,**,,#....#..##
##*,,,,**,......#..#
.##*,,,,*,.....P+.P##
..##,,,*#.....?.P...#
..P#*,**P.....#c#.###
.###*..#,..<..##..P#
#.#*...#*,#.#*##...##
..##...#####.##....P#
F.....P.#.#.#...@..##
................§F..#*
.............(.§...#.#
.................(.###
†.........F.......##
#c##....#.#...#...#
#.F#....#*#..###P.#
###...(#####.P###.##
....F...##.#..P....#*


You could see Nessos, a blink frog and a bullfrog.

Vanquished Creatures
  2 ice dragons (IceCv)
  6 hydras
  A two-headed ogre (D:8)
  Urug (Lair:5)
  Sonja (Lair:4)
  Nergalle (Lair:1)
  A deep elf mage (D:10)
  3 oklob plants (Lair:2)
  A merfolk siren (Lair:3)
  2 ice statues (IceCv)
  A black mamba (Lair:4)
  6 elephants (Lair:3)
  Joseph (Lair:1)
  11 spiny frogs
  4 rime drakes
  12 komodo dragons
  Prince Ribbit (D:9)
  Grinder (D:3)
  8 blink frogs
  2 dream sheep (Lair:6)
  4 hippogriffs
  46 yaks
  3 wyverns
  2 basilisks
  2 hungry ghosts
  Eustachio (D:6)
  A vampire mosquito (Lair:6)
  20 water moccasins
  4 porcupines
  4 orc warriors
  2 phantoms
  5 necrophages (D:7)
  25 ice beasts
  2 sky beasts
  2 black bears
  4 wolves (Lair:2)
  6 centaurs
  13 crocodiles
  5 ogres
  A big kobold (D:9)
  11 bullfrogs
  A gnoll sergeant (D:6)
  A wyvern skeleton (D:9)
  2 scorpions
  15 killer bees
  2 howler monkeys
  6 crimson imps
  3 quasits
  12 orc wizards
  6 orc priests
  A bullfrog skeleton (D:8)
  A gnoll shaman (D:5)
  5 hounds
  2 jellies
  3 iguanas
  2 hell rats (Lair:4)
  9 worker ants
  Terence (D:2)
  A killer bee zombie (D:7)
  5 hound skeletons
  A howler monkey zombie (D:7)
  3 worker ant zombies
  37 gnolls
  16 adders
  9 river rats (Lair:4)
  A shadow imp (D:7)
  An adder zombie (D:9)
  2 adder skeletons
  8 worms
  3 dart slugs
  2 leopard geckos
  39 orcs
  A ball python (D:4)
  6 bats
  4 giant cockroaches
  9 goblins
  6 hobgoblins
  24 jackals
  7 kobolds
  5 quokkas
  8 frilled lizards
  A quokka skeleton (D:8)
  A rat (D:1)
  A bush (D:7)
  A plant (Lair:2)
503 creatures vanquished.

Vanquished Creatures (others)
  18 jellies
  A gnoll shaman (D:5)
  A giant cockroach (D:5)
  6 fungi
  44 plants
70 creatures vanquished.

Grand Total: 573 creatures vanquished

Notes
Turn   | Place    | Note
-------+----------+-------------------------------------------
     0 | D:1      | Knicklaso the Troll Warper began the quest for the Orb.
     0 | D:1      | Reached XP level 1. HP: 19/19 MP: 1/1
   172 | D:1      | Reached XP level 2. HP: 27/28 MP: 2/2
   548 | D:2      | Reached skill level 3 in Unarmed Combat
   612 | D:2      | Reached XP level 3. HP: 35/35 MP: 3/3
   639 | D:2      | Found a shadowy altar of Dithmenos.
   690 | D:2      | Found a hide-covered altar of Uskayaw.
   770 | D:2      | Noticed Terence
   772 | D:2      | Gained mutation: You heal very quickly. [potion of
                  | mutation]
   772 | D:2      | Gained mutation: Your body sometimes deteriorates upon
                  | taking damage. [potion of mutation]
   772 | D:2      | Gained mutation: You passively map a small area around you.
                  | [potion of mutation]
   780 | D:2      | Killed Terence
   818 | D:2      | Reached XP level 4. HP: 30/44 MP: 4/4
  1140 | D:3      | Reached skill level 4 in Unarmed Combat
  1200 | D:3      | Noticed Grinder
  1225 | D:3      | Killed Grinder
  1225 | D:3      | Reached skill level 5 in Unarmed Combat
  1225 | D:3      | Reached XP level 5. HP: 37/53 MP: 5/5
  1225 | D:3      | Reached XP level 6. HP: 43/61 MP: 6/6
  1923 | D:4      | Found a shattered altar of Ashenzari.
  1930 | D:4      | Reached skill level 6 in Unarmed Combat
  2012 | D:4      | Reached XP level 7. HP: 68/68 MP: 7/7
  2051 | D:4      | Reached skill level 7 in Unarmed Combat
  2545 | D:4      | Found Tocria's Weapon Shop.
  2811 | D:5      | Entered Level 5 of the Dungeon
  2954 | D:5      | Reached XP level 8. HP: 71/79 MP: 8/8
  3026 | D:5      | Found a staircase to the Ecumenical Temple.
  3040 | Temple   | Entered the Ecumenical Temple
  3113 | D:5      | Reached skill level 8 in Unarmed Combat
  3379 | D:5      | Reached skill level 5 in Fighting
  3387 | D:5      | HP: 2/80 [gnoll/flail (9)]
  3614 | D:5      | Reached skill level 9 in Unarmed Combat
  3781 | D:5      | Found a sparkling altar of Nemelex Xobeh.
  3794 | D:5      | Found a glowing golden altar of the Shining One.
  3795 | D:5      | Found a basalt altar of Yredelemnul.
  3980 | D:6      | Found Taucad's General Store.
  4005 | D:6      | Bought a scroll of teleportation for 36 gold pieces
  4176 | D:6      | Reached XP level 9. HP: 89/89 MP: 9/9
  4237 | D:6      | Noticed Eustachio
  4240 | D:6      | Killed Eustachio
  4240 | D:6      | Reached skill level 10 in Unarmed Combat
  4656 | D:7      | Found a bloodstained altar of Trog.
  5346 | D:7      | Reached skill level 11 in Unarmed Combat
  5409 | D:7      | Found a blossoming altar of Fedhas.
  5815 | D:7      | Reached XP level 10. HP: 23/102 MP: 10/10
  6062 | D:8      | Reached skill level 12 in Unarmed Combat
  7032 | D:8      | Noticed a two-headed ogre
  7040 | D:8      | Killed a two-headed ogre
  7199 | D:9      | Found a staircase to the Orcish Mines.
  7319 | D:9      | Reached skill level 13 in Unarmed Combat
  7462 | D:9      | Found a burning altar of Makhleb.
  7505 | D:9      | Found a stormy altar of Qazlal.
  7653 | D:9      | Got a heavily runed cloak
  7654 | D:9      | Identified the cursed +0 cloak "Vaodghal" {Dex+4} (You
                  | found it on level 9 of the Dungeon)
  7894 | D:9      | Noticed Prince Ribbit
  7897 | D:9      | Found a white marble altar of Elyvilon.
  7908 | D:9      | Killed Prince Ribbit
  8142 | D:10     | Entered Level 10 of the Dungeon
  8262 | D:10     | Found a staircase to the Lair.
  8282 | D:10     | Noticed a deep elf mage
  8293 | D:10     | Killed a deep elf mage
  8293 | D:10     | Reached XP level 11. HP: 96/113 MP: 11/11
  9025 | D:10     | Found an iron altar of Okawaru.
  9638 | Lair:1   | Entered Level 1 of the Lair of Beasts
  9859 | Lair:1   | Reached skill level 14 in Unarmed Combat
  9902 | Lair:1   | Noticed Sonja
 10089 | Lair:1   | Noticed Nergalle
 10102 | Lair:1   | Killed Nergalle
 10175 | Lair:1   | Noticed Joseph
 10180 | Lair:1   | Killed Joseph
 10694 | Lair:2   | Found a staircase to the Snake Pit.
 10746 | Lair:2   | Noticed an oklob plant
 10750 | Lair:2   | Noticed an oklob plant
 10750 | Lair:2   | Noticed an oklob plant
 10814 | Lair:2   | Reached XP level 12. HP: 66/123 MP: 12/12
 10829 | Lair:2   | Reached skill level 5 in Dodging
 11076 | Lair:2   | Reached skill level 15 in Unarmed Combat
 12187 | Lair:3   | Noticed a four-headed hydra
 12193 | Lair:3   | Killed a four-headed hydra
 12326 | Lair:3   | Found a runed gate.
 12326 | Lair:3   | Found a runed gate.
 12326 | Lair:3   | Found a runed gate.
 12326 | Lair:3   | Noticed Gargoyl's ghost (novice CeAK)
 12490 | Lair:3   | Found a staircase to the Shoals.
 12494 | Lair:3   | Reached skill level 10 in Fighting
 12753 | Lair:4   | Noticed an eight-headed hydra
 12774 | Lair:4   | Killed an eight-headed hydra
 12797 | Lair:4   | Noticed a seven-headed hydra
 12855 | Lair:4   | Killed Sonja
 12890 | Lair:4   | Reached skill level 16 in Unarmed Combat
 12963 | Lair:4   | Killed a seven-headed hydra
 13098 | Lair:4   | Reached XP level 13. HP: 126/135 MP: 13/13
 13908 | Lair:5   | Noticed Urug
 13936 | Lair:5   | Killed Urug
 13972 | Lair:5   | Found a viscous altar of Jiyva.
 13973 | Lair:5   | Found a staircase to the Slime Pits.
 13976 | Lair:5   | Became a worshipper of Jiyva Jatuples the Shapeless
 14097 | Lair:5   | Reached * piety under Jiyva
 15248 | D:9      | Reached ** piety under Jiyva
 15932 | Lair:2   | Paralysed by fainting for 5 turns
 16896 | D:10     | Reached *** piety under Jiyva
 16995 | D:10     | Gained mutation: Your body has grown golden eyes which may
                  | confuse attackers. (Acc +3) [Jiyva's grace]
 17771 | D:9      | Lost mutation: Your body has grown golden eyes which may
                  | confuse attackers. (Acc +3) [Jiyva's grace]
 17771 | D:9      | Reached **** piety under Jiyva
 18709 | D:6      | Gained mutation: Your body often deteriorates upon taking
                  | damage. [Jiyva's grace]
 18924 | D:5      | Gained mutation: You expend magic power (3 MP) to
                  | strengthen your wands. [Jiyva's grace]
 18948 | D:5      | Reached ***** piety under Jiyva
 19662 | D:4      | Gained mutation: Scrolls take you a little longer to read.
                  | [Jiyva's grace]
 20404 | Lair:5   | Got an ichor-stained dire flail
 20481 | Lair:5   | Got a tattered robe
 20503 | Lair:5   | Lost mutation: You passively map a small area around you.
                  | [Jiyva's grace]
 20532 | Lair:5   | Got a dazzling scale mail
 20757 | Lair:6   | Entered Level 6 of the Lair of Beasts
 20797 | Lair:6   | Found a frozen archway.
 20827 | Lair:6   | Reached skill level 17 in Unarmed Combat
 20861 | Lair:6   | Reached ****** piety under Jiyva
 20886 | Lair:6   | Identified the +5 dire flail of Faeth {flame, *Contam rC+
                  | Int+2} (You found it on level 5 of the Lair of Beasts)
 20888 | Lair:6   | Identified the +0 robe "Tale Nesch" {rC+} (You found it on
                  | level 5 of the Lair of Beasts)
 20900 | IceCv    | Entered an ice cave
 20920 | IceCv    | Gained mutation: You have a pair of small antennae on your
                  | head. [Jiyva's grace]
 21114 | IceCv    | HP: 5/137 [ice dragon/blast of cold (23)]
 21302 | IceCv    | Got a smoking ruby amulet
 21306 | IceCv    | Got a scorched steel ring
 21405 | Lair:6   | Identified the amulet "Oppaomn" {+Rage rF+} (You found it
                  | in an ice cave)
 21407 | Lair:6   | Identified the ring of Satisfaction {rCorr rN+ MR+ Int+2}
                  | (You found it in an ice cave)
 21467 | Lair:6   | Noticed Nessos
 21490 | Lair:6   | HP: 4/137 [Nessos/arrow (5)]
 21493 | Lair:6   | Shot with an arrow by Nessos

Skill      XL: |  1  2  3  4  5  6  7  8  9 10 11 12 13 |
---------------+----------------------------------------+-----
Fighting       | 2 3 4 5 7 8 9 10 11 | 11.1
Unarmed Combat | 3 5 6 7 9 11 13 14 16 17 | 17.4
Dodging        | 2 4 6 8 |  8.0
Throwing       | |  0.8
Spellcasting   | |  1.2
Translocations | |  2.1

Action                   |  1- 3 |  4- 6 |  7- 9 | 10-12 | 13-15 || total
-------------------------+-------+-------+-------+-------+-------++-------
Melee: Unarmed           |    92 |   123 |   404 |   667 |   292 ||  1578
       Punch             |       |     1 |    14 |    63 |    35 ||   113
       Whip              |       |       |       |     2 |       ||     2
       Long sword        |       |       |       |       |    19 ||    19
 Fire: Hunting sling     |       |       |       |     2 |       ||     2
Throw: Stone             |     2 |    72 |    49 |     1 |       ||   124
       Tomahawk          |     2 |       |       |       |       ||     2
Invok: Request Jelly     |       |       |       |       |     8 ||     8
Evoke: Wand              |       |       |     7 |    13 |       ||    20
  Use: Potion            |     1 |       |     5 |     3 |    12 ||    21
       Scroll            |       |       |       |    19 |     9 ||    28
 Stab: Sleeping          |       |     1 |       |     2 |       ||     3
       Invisible         |       |       |       |     9 |       ||     9
       Distracted        |       |       |       |       |     1 ||     1
  Eat: Chunk             |    13 |    11 |    28 |    71 |    27 ||   150
       Ration            |       |       |     2 |     1 |     8 ||    11
Armor: Robe              |    30 |    29 |   105 |   142 |    50 ||   356
       Skin              |       |       |    37 |    17 |       ||    54
       Ice dragon scales |       |       |       |       |    26 ||    26
Dodge: Dodged            |    36 |    46 |   211 |   338 |   183 ||   814
       Rpst.: Long sword |       |       |       |       |     2 ||     2
